 Dungeon Crawl Stone Soup version 0.26-a0-720-g2a1d101370 (webtiles) character file.

Game seed: 1748008181039075975

3260 Gargoyl the Fighter (level 10, -1/80 HPs)
             Began as a Gnoll Abyssal Knight on Nov 3, 2020.
             Was an Elder of Lugonu.
             Slain by a two-headed ogre
             ... wielding a +0 giant club
              (25 damage)
             ... on level 8 of the Dungeon.
             The game lasted 00:12:17 (9134 turns).

Gargoyl the Fighter (Gnoll Abyssal Knight)          Turns: 9134, Time: 00:12:18

Health: -1/80      AC: 17    Str: 22    XL:     10   Next: 0%
Magic:  17/17      EV:  9    Int: 16    God:    Lugonu [****..]
Gold:   433        SH:  0    Dex: 15    Spells: 18/18 levels left

rFire    . . .     SeeInvis .   a - +4 hand axe
rCold    + . .     Faith    .   (no shield)
rNeg     . . .     Spirit   .   u - +0 plate armour
rPois    +         Reflect  .   (no helmet)
rElec    .         Harm     .   f - +0 cloak
rCorr    .         Rampage  .   (no gloves)
MR       .....                  p - +2 pair of boots
Stlth    ..........             (no amulet)
HPRegen  0.23/turn              n - ring of poison resistance
MPRegen  0.15/turn              r - ring "Gyomunukh" {rC+ Str+4 Int+2}

@: no status effects
A: distributed training, fangs 1, strong nose
a: Depart the Abyss, Bend Space, Banish, Corrupt, Renounce Religion


You were on level 8 of the Dungeon.
You worshipped Lugonu.
Lugonu was greatly pleased with you.
You visited 1 branch of the dungeon, and saw 8 of its levels.
You visited the Abyss 1 time.
You also visited: Ossuary.

You collected 503 gold pieces.
You spent 70 gold pieces at shops.

Inventory:

Hand Weapons
 a - a +4 hand axe (weapon)
Missiles
 c - 5 poisoned darts (quivered)
Armour
 f - a +0 cloak (worn)
 p - a +2 pair of boots (worn)
 u - a +0 plate armour (worn)
Jewellery
 k - an uncursed ring of see invisible
 n - a ring of poison resistance (left hand)
 r - the ring "Gyomunukh" (right hand) {rC+ Str+4 Int+2}
   (You found it on level 4 of the Dungeon)

   [ring of protection from cold]

   It affects your strength (+4).
   It affects your intelligence (+2).
   It protects you from cold.
 y - a +4 ring of slaying
 B - an uncursed ring of magical power {unknown}
Wands
 m - a wand of paralysis (7)
 s - a wand of flame (52)
 C - a wand of iceblast (10)
Scrolls
 e - 3 scrolls of identify
 o - 3 scrolls of fog
 t - 2 scrolls of remove curse
 w - a scroll of teleportation
 A - a scroll of magic mapping {unknown}
Potions
 b - 2 potions of flight
 d - 4 potions of lignification
 g - 3 potions of heal wounds
 h - 3 potions of curing
 i - 2 potions of stabbing
 j - 4 potions of resistance
 l - a potion of brilliance {unknown}
 q - a potion of might {unknown}
 v - 2 potions of haste {unknown}
 x - a potion of mutation {unknown}
 z - a potion of magic {unknown}


   Skills:
 + Level 8.2 Fighting
 + Level 4.8 Short Blades
 + Level 4.8 Long Blades
 + Level 6.7 Axes
 + Level 4.8 Maces & Flails
 + Level 4.8 Polearms
 + Level 4.8 Staves
 + Level 4.8 Slings
 + Level 4.8 Bows
 + Level 4.8 Crossbows
 + Level 4.8 Throwing
 + Level 6.7 Armour
 + Level 5.5 Dodging
 + Level 4.8 Stealth
 + Level 4.8 Shields
 + Level 4.8 Unarmed Combat
 + Level 4.8 Spellcasting
 + Level 3.9 Conjurations
 + Level 3.9 Hexes
 + Level 3.9 Summonings
 + Level 3.9 Necromancy
 + Level 3.9 Translocations
 + Level 3.9 Transmutations
 + Level 3.9 Fire Magic
 + Level 3.9 Ice Magic
 + Level 3.9 Air Magic
 + Level 3.9 Earth Magic
 + Level 3.9 Poison Magic
 + Level 7.0 Invocations
 + Level 4.8 Evocations


You had 18 spell levels left.
You didn't know any spells.
Your spell library contained the following spells:

 Spells                   Type           Power        Failure   Level
 Magic Dart               Conj           ###.         45%         1
 Blink                    Tloc           N/A          61%         2
 Call Imp                 Summ           ###.....     61%         2
 Slow                     Hex            ###.....     61%         2
 Conjure Flame            Conj/Fire      ###.....     83%         3
 Mephitic Cloud           Conj/Pois/Air  ###.....     83%         3


Dungeon Overview and Level Annotations

Branches:
Dungeon (8/15)             Temple (0/1) D:5         Ossuary (visited)
   Lair: D:8-11

Altars:
Dithmenos
Kikubaaqudgha
Ru
The Shining One

Shops:
D:6 (}}!

Annotations:
D:7 2 transporters


Innate Abilities, Weirdness & Mutations

Your experience applies equally to all skills.
You have very sharp teeth.
Your uncanny sense of smell can sniff out nearby items.


Message History

You slash the troll!
The troll is almost dead.
The troll barely misses you.
The troll claws you but does no damage. x2
Unknown command.
You closely miss the troll. Your bite misses the troll.
The troll is almost dead.
The troll bites you but does no damage. The troll claws you!
The troll closely misses you.
Unknown command.
Your plate armour prevents you from hitting the troll.
The troll is almost dead.
The troll bites you. The troll claws you! The troll claws you.
* * * LOW HITPOINT WARNING * * *
Unknown command.
You hit the troll. You bite the troll.
You kill the troll!
Lugonu accepts your kill.
You have reached level 10!
The two-headed ogre hits you with a +0 giant club!!
You die...

######### #........
####........ .
#B..........
....####O##........
.......@.##..P≈.≈..
....#######<.P≈PP.P
. #..#P≈PPPP
#..##P≈≈≈♣≈ #..#
#≈.P≈≈ #[# #P.P≈ ..
###P .. ...


You could see a two-headed ogre and a worker ant.

Vanquished Creatures
  Pikel (D:7)
  A deep elf mage (D:7)
  A troll (D:8)
  Grinder (D:5)
  Menkaure (D:6)
  An orc warrior (D:5)
  A phantom (D:5)
  An ice beast (D:5)
  3 ogres
  4 centaurs
  2 bullfrogs
  A water moccasin zombie (D:6)
  A howler monkey (D:5)
  3 jellies
  A bullfrog zombie (D:6)
  An orc wizard (D:7)
  A hound (D:6)
  A bullfrog skeleton (D:5)
  An orc priest (D:6)
  A centaur skeleton (D:4)
  Ijyb (D:4)
  2 iguanas (D:5)
  3 worker ants
  A hound skeleton (D:6)
  3 mummies (Ossuary)
  7 gnolls
  8 adders
  2 shadow imps
  A white imp (D:7)
  4 ufetubi
  5 adder zombies
  An adder skeleton (D:6)
  3 worms (D:2)
  A dart slug (D:1)
  9 leopard geckos
  10 orcs
  10 giant cockroaches
  16 goblins
  5 hobgoblins
  7 jackals
  A quokka (D:6)
  2 ball pythons
  7 bats
  11 frilled lizards
  A goblin zombie (Ossuary)
  2 hobgoblin zombies (Ossuary)
  6 kobolds
  2 kobold zombies (Ossuary)
  An orc zombie (Ossuary)
  A quokka skeleton (D:6)
  7 quokka zombies
  8 rats
  3 rat zombies (Ossuary)
179 creatures vanquished.

Vanquished Creatures (others)
  A lurking horror (Abyss:2)
1 creature vanquished.

Grand Total: 180 creatures vanquished

Notes
Turn   | Place    | Note
-------+----------+-------------------------------------------
     0 | Abyss:1  | Gargoyl the Gnoll Abyssal Knight began the quest for the
                  | Orb.
     0 | Abyss:1  | Reached XP level 1. HP: 23/23 MP: 3/3
    60 | Abyss:1  | Noticed an ancient zyme
   176 | Abyss:2  | Noticed a smoke demon
   177 | D:1      | Escaped the Abyss
   373 | D:1      | Reached XP level 2. HP: 27/29 MP: 5/5
   706 | D:1      | Reached * piety under Lugonu
   885 | D:1      | Reached XP level 3. HP: 33/35 MP: 6/6
  1427 | D:2      | Reached skill level 1 in Short Blades
  1427 | D:2      | Reached skill level 1 in Long Blades
  1427 | D:2      | Reached skill level 1 in Maces & Flails
  1427 | D:2      | Reached skill level 1 in Polearms
  1427 | D:2      | Reached skill level 1 in Staves
  1427 | D:2      | Reached skill level 1 in Slings
  1427 | D:2      | Reached skill level 1 in Bows
  1427 | D:2      | Reached skill level 1 in Crossbows
  1427 | D:2      | Reached skill level 1 in Throwing
  1427 | D:2      | Reached skill level 1 in Stealth
  1427 | D:2      | Reached skill level 1 in Shields
  1427 | D:2      | Reached skill level 1 in Unarmed Combat
  1427 | D:2      | Reached skill level 1 in Spellcasting
  1427 | D:2      | Reached skill level 1 in Evocations
  1427 | D:2      | Reached XP level 4. HP: 32/41 MP: 7/7
  1554 | D:2      | Reached skill level 1 in Conjurations
  1554 | D:2      | Reached skill level 1 in Hexes
  1554 | D:2      | Reached skill level 1 in Summonings
  1554 | D:2      | Reached skill level 1 in Necromancy
  1554 | D:2      | Reached skill level 1 in Translocations
  1554 | D:2      | Reached skill level 1 in Transmutations
  1554 | D:2      | Reached skill level 1 in Fire Magic
  1554 | D:2      | Reached skill level 1 in Ice Magic
  1554 | D:2      | Reached skill level 1 in Air Magic
  1554 | D:2      | Reached skill level 1 in Earth Magic
  1554 | D:2      | Reached skill level 1 in Poison Magic
  1972 | D:2      | Reached XP level 5. HP: 47/47 MP: 8/8
  2135 | D:3      | Reached ** piety under Lugonu
  2865 | D:3      | Reached skill level 5 in Invocations
  2865 | D:3      | Reached XP level 6. HP: 52/53 MP: 9/9
  3019 | D:4      | Got a smoking tin ring
  3023 | D:4      | Identified the ring "Gyomunukh" {rC+ Str+4 Int+2} (You
                  | found it on level 4 of the Dungeon)
  3578 | D:4      | Noticed Ijyb
  3596 | D:4      | Killed Ijyb
  3596 | D:4      | Reached skill level 5 in Axes
  3596 | D:4      | Reached skill level 5 in Armour
  4189 | D:5      | Entered Level 5 of the Dungeon
  4262 | D:5      | Found a staircase to the Ecumenical Temple.
  4270 | D:5      | Found a sand-covered staircase.
  4275 | Ossuary  | Entered an ossuary
  4493 | Ossuary  | Reached *** piety under Lugonu
  4618 | D:5      | Found a shadowy altar of Dithmenos.
  4638 | D:5      | Reached XP level 7. HP: 11/59 MP: 10/10
  4642 | D:5      | Reached skill level 7 in Fighting
  4933 | D:5      | Found an ancient bone altar of Kikubaaqudgha.
  5363 | D:5      | Reached XP level 8. HP: 54/67 MP: 12/12
  5785 | D:6      | Noticed Grinder
  5791 | D:6      | Paralysed by Grinder for 2 turns
  5909 | D:5      | Killed Grinder
  6432 | D:6      | Found Utrups's Distillery.
  6446 | D:6      | Bought a potion of heal wounds for 70 gold pieces
  6797 | D:6      | Found Xukeczeg's Gadget Shoppe.
  6848 | D:6      | Found Socar's Weapon Shoppe.
  6851 | D:6      | Noticed Menkaure
  6858 | D:6      | Killed Menkaure
  6858 | D:6      | Reached **** piety under Lugonu
  6858 | D:6      | Reached XP level 9. HP: 58/72 MP: 14/14
  7028 | D:6      | Found Soud's Gadget Boutique.
  7495 | D:6      | Found a sacrificial altar of Ru.
  7825 | D:7      | Found a glowing golden altar of the Shining One.
  7826 | D:7      | Noticed a deep elf mage
  7832 | D:7      | Killed a deep elf mage
  7832 | D:7      | Reached skill level 5 in Dodging
  7863 | D:7      | Found a transporter.
  7864 | D:7      | Noticed a kobold demonologist
  7866 | D:7      | Noticed a kobold demonologist
  7912 | D:7      | Reached skill level 8 in Fighting
  8216 | D:7      | Found a transporter.
  8400 | D:7      | Noticed Pikel
  8435 | D:7      | Killed Pikel
  9114 | D:8      | Noticed a two-headed ogre
  9114 | D:8      | Noticed a troll
  9131 | D:8      | Killed a troll
  9131 | D:8      | Reached XP level 10. HP: 23/80 MP: 17/17
  9134 | D:8      | Slain by a two-headed ogre

Illustrated notes

Levels and vault maps discovered:
D:1:      dpeg_arrival_simpleton_c, layout_basic, minmay_pentomino_t2
D:2:      layout_rooms
D:3:      layout_rooms, minivault_23
D:4:      layout_cave_pods, serial_co_window_serial, co_window_paths_b,
          co_window_cross_1, co_window_paths_a, co_window_paths_a,
          co_window_corner_a, co_window_corner_ca, co_window_unsneaky_path_c,
          co_window_2corner, co_window_unsneaky_path_b, co_window_corner_ca,
          co_window_2corner, co_window_2corner, co_window_4corner_a,
          glass_columns_a, glass_columns_a, kennysheep_generic_room_12,
          uniq_ijyb
D:5:      layout_basic, grunt_dithmenos_smoke, minmay_temple_entry_butterflies,
          enter_ossuary_3, basic_altar
D:6:      layout_basic, gup_sewer_entry_spiral, serial_shops, shop_fountains,
          shop, nicolae_shop_temple_entry_statues_fountains, shop,
          nicolae_ru_great_annihilating_truth, uniq_grinder, uniq_menkaure
D:7:      gammafunk_wand_slinger, layout_layer_cave, david_defended_altar_elf,
          uniq_pikel
D:8:      layout_rooms, minmay_lair_entry_grove, serial_bayou_lagoon_a

Skill      XL: |  1  2  3  4  5  6  7  8  9 |
---------------+----------------------------+-----
Short Blades   | 1 2 3 4 |  4.8
Long Blades    | 1 2 3 4 |  4.8
Maces & Flails | 1 2 3 4 |  4.8
Polearms       | 1 2 3 4 |  4.8
Staves         | 1 2 3 4 |  4.8
Slings         | 1 2 3 4 |  4.8
Bows           | 1 2 3 4 |  4.8
Crossbows      | 1 2 3 4 |  4.8
Throwing       | 1 2 3 4 |  4.8
Stealth        | 1 2 3 4 |  4.8
Shields        | 1 2 3 4 |  4.8
Unarmed Combat | 1 2 3 4 |  4.8
Spellcasting   | 1 2 3 4 |  4.8
Evocations     | 1 2 3 4 |  4.8
Conjurations   | 1 2 3 |  3.9
Hexes          | 1 2 3 |  3.9
Summonings     | 1 2 3 |  3.9
Necromancy     | 1 2 3 |  3.9
Translocations | 1 2 3 |  3.9
Transmutations | 1 2 3 |  3.9
Fire Magic     | 1 2 3 |  3.9
Ice Magic      | 1 2 3 |  3.9
Air Magic      | 1 2 3 |  3.9
Earth Magic    | 1 2 3 |  3.9
Poison Magic   | 1 2 3 |  3.9
Dodging        | 3 4 5 |  5.5
Invocations    | 5 6 7 |  7.0
Axes           | 5 6 |  6.7
Armour         | 5 6 |  6.7
Fighting       | 7 8 |  8.2

Action                   |  1- 3 |  4- 6 |  7- 9 | 10-12 || total
-------------------------+-------+-------+-------+-------++-------
Melee: Hand axe          |   109 |   201 |   254 |       ||   564
       Bite              |    10 |    27 |    44 |       ||    81
       Punch             |       |       |     9 |       ||     9
Throw: Dart              |       |     6 |     4 |       ||    10
Invok: Depart the Abyss  |     1 |       |       |       ||     1
  Use: Potion            |     2 |       |       |       ||     2
       Scroll            |     2 |    15 |     2 |       ||    19
 Stab: Paralysed         |       |       |     2 |       ||     2
Armor: Chain mail        |   105 |    73 |       |       ||   178
       Plate armour      |       |    46 |   142 |       ||   188
Dodge: Dodged            |    71 |   114 |   132 |       ||   317

Table legend: (Time is in decaauts)
 A = Elapsed time spent in this place.
 B = Non-inter-level travel time spent in this place.
 C = Inter-level travel time spent in this place.
 D = Time resting spent in this place.
 E = Time spent auto-exploring this place.
 F = Levels seen in this place.
 G = Mean time per level.
                   A        B        C        D        E       F      G
               +--------+--------+--------+--------+--------+-----+--------+
         Total |   9192 |   8968 |    224 |   1087 |   6127 |  11 |  835.6 |
       Dungeon |   8728 |   8504 |    224 |    956 |   6025 |   8 | 1091.0 |
         Abyss |    178 |    178 |      0 |      0 |     97 |   2 |   89.0 |
       Ossuary |    285 |    285 |      0 |    131 |      5 |   1 |  285.0 |
               +--------+--------+--------+--------+--------+-----+--------+

Top non-repeatable levels by time:
     D:5: 1724 daAuts
     D:6: 1586 daAuts
     D:7: 1371 daAuts
     D:1: 1225 daAuts
     D:4: 1179 daAuts
     D:3: 892 daAuts
     D:2: 730 daAuts
 Ossuary: 285 daAuts
 Abyss:1: 112 daAuts
 Abyss:2: 66 daAuts
     D:8: 19 daAuts
